ORI
UNIVERSITY OF FLORIDA GATORS @ CALIFORNIA STATE UNIVERSITY AT FULLERTON TITANS
11/11/2045
 
TOP OF THE 1ST
Bradenton Marauders batting - Pitching for Richmond Flying Squirrels : RHP Ryan Hughes
Pitching: RHP Ryan Hughes
Batting: LHB Alex Mandry 0-0: SINGLE (Line Drive, 7S, EV 92.5 MPH)
Batting: SHB Francisco Salazar 0-0: Foul Ball, location: 2F
0-1: Ball
1-1: Ball
2-1: Fielders Choice at 2nd, 4-6 (Groundball, 4M, EV 95.6 MPH)
Batting: SHB Mike Jorgenson 0-0: Called Strike
0-1: Fly out, F8 (Flyball, 8RD, EV 93.8 MPH)
Batting: RHB Pedro Criollo 0-0: Ball
1-0: Ball
2-0: Foul Ball, location: 2F
2-1: Foul Ball, location: 2F
2-2: Foul Ball, location: 2F
2-2: Foul Ball, location: 2F
2-2: Ball
3-2: SINGLE (Line Drive, 78S, EV 99.4 MPH)
Francisco Salazar to second
Francisco Salazar to third
Batting: RHB Lupe Covarrubias Pickoff Throw to First - Out! 1-3
Top of the 1st over - 0 runs, 2 hits, 0 errors, 1 left on base; Bradenton 0 - Richmond 0
BOTTOM OF THE 1ST
Richmond Flying Squirrels batting - Pitching for Bradenton Marauders : RHP Tony Contreras
Pitching: RHP Tony Contreras
Batting: LHB Mario Maria 0-0: Fly out, F9 (Flyball, 9LS, EV 98.8 MPH)
Batting: LHB Jason Franks 0-0: Ball
1-0: Ground out 5-3 (Groundball, 56, EV 89.4 MPH)
Batting: RHB Jake Schmiege 0-0: Ball
1-0: Foul Ball, location: 2F
1-1: Ground out 6-3 (Groundball, 6S, EV 71.9 MPH)
Bottom of the 1st over - 0 runs, 0 hits, 0 errors, 0 left on base; Bradenton 0 - Richmond 0
TOP OF THE 2ND
Bradenton Marauders batting - Pitching for Richmond Flying Squirrels : RHP Ryan Hughes
Batting: RHB Lupe Covarrubias 0-0: Ball
1-0: Called Strike
1-1: SINGLE (Groundball, 56D, EV 103.8 MPH)
Batting: RHB Yoshiaki Tsutsui 0-0: Ball
Lupe Covarrubias steals 2nd base
1-0: Ball
2-0: Ball
3-0: Base on Balls
Batting: RHB Raul Mendoza 0-0: Ball
1-0: Grounds into double play, 1-6-3 (Groundball, 13S, EV 72.5 MPH)
Lupe Covarrubias to third
Batting: LHB Tom Dempsey 0-0: Called Strike
0-1: TRIPLE (Line Drive, 7D, EV 105.6 MPH)
Lupe Covarrubias scores
Batting: RHB Tony Contreras 0-0: Called Strike
0-1: Swinging Strike
0-2: Foul Ball, location: 2F
0-2: Ball
1-2: Ball
2-2: Foul Ball, location: 2F
2-2: Strikes out looking
Top of the 2nd over - 1 run, 2 hits, 0 errors, 1 left on base; Bradenton 1 - Richmond 0
BOTTOM OF THE 2ND
Richmond Flying Squirrels batting - Pitching for Bradenton Marauders : RHP Tony Contreras
Batting: RHB Mike Senter 0-0: Swinging Strike
0-1: Foul Ball, location: 2F
0-2: DOUBLE (Line Drive, 8LXD, EV 101.3 MPH)
Batting: RHB Pablo Langenberg 0-0: Called Strike
0-1: Foul Ball, location: 2F
0-2: Ground out 5-3 (Groundball, 56, EV 91.9 MPH)
Batting: RHB Waki Matsui 0-0: Swinging Strike
0-1: Ball
1-1: Ball
2-1: Swinging Strike
2-2: Foul Ball, location: 2F
2-2: Fly out, F8 (Line Drive, 8RD, EV 88.8 MPH)
Runner from 2nd tags up, SAFE at 3rd with throw by CF
Batting: RHB Rob Potter 0-0: Called Strike
0-1: Called Strike
0-2: Ball
1-2: Ball
2-2: Strikes out swinging
Bottom of the 2nd over - 0 runs, 1 hit, 0 errors, 1 left on base; Bradenton 1 - Richmond 0
TOP OF THE 3RD
Bradenton Marauders batting - Pitching for Richmond Flying Squirrels : RHP Ryan Hughes
Batting: LHB Alex Mandry 0-0: Ball
1-0: Reached on error, E7 (Flyball, 7, EV 97.5 MPH)
Batting: SHB Francisco Salazar 0-0: Called Strike
0-1: Ball
1-1: Swinging Strike
1-2: Ball
2-2: Foul Ball, location: 2F
2-2: Strikes out swinging
Batting: SHB Mike Jorgenson 0-0: Called Strike
0-1: Ball
1-1: Ball
2-1: Fly out, F6 (Flyball, 6D, EV 88.8 MPH)
Batting: RHB Pedro Criollo 0-0: Ball
Alex Mandry is caught stealing 2nd base 2-4
Top of the 3rd over - 0 runs, 0 hits, 1 error, 0 left on base; Bradenton 1 - Richmond 0
BOTTOM OF THE 3RD
Richmond Flying Squirrels batting - Pitching for Bradenton Marauders : RHP Tony Contreras
Batting: RHB Danny Rivera 0-0: Ground out 6-3 (Groundball, 6, EV 88.1 MPH)
Batting: RHB Ryan Hughes 0-0: Foul Ball, location: 2F
0-1: Swinging Strike
0-2: Foul Ball, location: 2F
0-2: Fly out, F8 (Line Drive, 8LD, EV 95.0 MPH)
Batting: LHB Mario Maria 0-0: Swinging Strike
0-1: Ball
1-1: Swinging Strike
1-2: Foul Ball, location: 2F
1-2: Ground out 1-3 (Groundball, 13S, EV 71.3 MPH)
Bottom of the 3rd over - 0 runs, 0 hits, 0 errors, 0 left on base; Bradenton 1 - Richmond 0
TOP OF THE 4TH
Bradenton Marauders batting - Pitching for Richmond Flying Squirrels : RHP Ryan Hughes
Batting: RHB Pedro Criollo 0-0: Fly out, F7 (Flyball, 7S, EV 81.9 MPH)
Batting: RHB Lupe Covarrubias 0-0: Ball
1-0: Called Strike
1-1: Foul Ball, location: 2F
1-2: Foul Ball, location: 2F
1-2: Ball
2-2: Strikes out swinging
Batting: RHB Yoshiaki Tsutsui 0-0: Ball
1-0: Foul Ball, location: 2F
1-1: Ball
2-1: Ball
3-1: Base on Balls
Batting: RHB Raul Mendoza 0-0: Foul Ball, location: 2F
0-1: Ball
1-1: DOUBLE (Line Drive, 89XD, EV 103.1 MPH)
Yoshiaki Tsutsui to third
Runner from 3rd tries for Home, SAFE, no throw by CF
Batting: LHB Tom Dempsey 0-0: Intentional Walk
Batting: RHB Tony Contreras 0-0: Called Strike
0-1: Called Strike
0-2: Ball
1-2: Ball
2-2: Foul Ball, location: 2F
2-2: Strikes out swinging
Top of the 4th over - 1 run, 1 hit, 0 errors, 2 left on base; Bradenton 2 - Richmond 0
BOTTOM OF THE 4TH
Richmond Flying Squirrels batting - Pitching for Bradenton Marauders : RHP Tony Contreras
Batting: LHB Jason Franks 0-0: Swinging Strike
0-1: Ball
1-1: Foul Ball, location: 2F
1-2: Ground out 6-3 (Groundball, 6, EV 81.9 MPH)
Batting: RHB Jake Schmiege 0-0: SINGLE (Groundball, 56S, EV 73.1 MPH) (infield hit)
Batting: RHB Mike Senter 0-0: Ball
1-0: Called Strike
1-1: Foul Ball, location: 2F
1-2: Ball
2-2: Ground out 4-3 (Groundball, 13, EV 78.8 MPH)
Jake Schmiege to second
Batting: RHB Pablo Langenberg 0-0: Ball
1-0: Swinging Strike
1-1: Fly out, F9 (Flyball, 9, EV 78.8 MPH)
Bottom of the 4th over - 0 runs, 1 hit, 0 errors, 1 left on base; Bradenton 2 - Richmond 0
TOP OF THE 5TH
Bradenton Marauders batting - Pitching for Richmond Flying Squirrels : RHP Ryan Hughes
Batting: LHB Alex Mandry 0-0: Ball
1-0: Called Strike
1-1: Ground out 4-3 (Groundball, 4, EV 77.5 MPH)
Batting: SHB Francisco Salazar 0-0: Called Strike
0-1: Called Strike
0-2: Strikes out swinging
Batting: SHB Mike Jorgenson 0-0: Ball
1-0: Ball
2-0: Foul Ball, location: 2F
2-1: Fly out, F7 (Line Drive, 7, EV 92.5 MPH)
Top of the 5th over - 0 runs, 0 hits, 0 errors, 0 left on base; Bradenton 2 - Richmond 0
BOTTOM OF THE 5TH
Richmond Flying Squirrels batting - Pitching for Bradenton Marauders : RHP Tony Contreras
Batting: RHB Waki Matsui 0-0: Called Strike
0-1: Called Strike
0-2: Fly out, F7 (Line Drive, 7, EV 87.5 MPH)
Batting: RHB Rob Potter 0-0: Ball
1-0: Swinging Strike
1-1: Foul Ball, location: 2F
1-2: Strikes out looking
Batting: RHB Danny Rivera 0-0: Swinging Strike
0-1: Swinging Strike
0-2: Ball
1-2: Strikes out looking
Bottom of the 5th over - 0 runs, 0 hits, 0 errors, 0 left on base; Bradenton 2 - Richmond 0
TOP OF THE 6TH
Bradenton Marauders batting - Pitching for Richmond Flying Squirrels : RHP Ryan Hughes
Batting: RHB Pedro Criollo 0-0: Ball
1-0: Foul Ball, location: 2F
1-1: Foul Ball, location: 2F
1-2: Strikes out swinging
Batting: RHB Lupe Covarrubias 0-0: Called Strike
0-1: Ball
1-1: Ball
2-1: Foul Ball, location: 2F
2-2: Fly out, F9 (Flyball, 9S, EV 85.6 MPH)
Batting: RHB Yoshiaki Tsutsui 0-0: Called Strike
0-1: Ball
1-1: Swinging Strike
1-2: Ball
2-2: Foul Ball, location: 2F
2-2: Ground out 3-1 (Groundball, 34, EV 88.1 MPH)
Top of the 6th over - 0 runs, 0 hits, 0 errors, 0 left on base; Bradenton 2 - Richmond 0
BOTTOM OF THE 6TH
Richmond Flying Squirrels batting - Pitching for Bradenton Marauders : RHP Tony Contreras
Pinch Hitting: RHB Jesus Portalatin 0-0: Ball
1-0: Foul Ball, location: 2F
1-1: Ball
2-1: Swinging Strike
2-2: Strikes out swinging
Batting: LHB Mario Maria 0-0: SINGLE (Groundball, 4MD, EV 110.0 MPH)
Batting: LHB Jason Franks 0-0: Ball
1-0: Called Strike
1-1: Ball
2-1: Ball
3-1: SINGLE (Groundball, 6D, EV 94.4 MPH)
Mario Maria to second
Batting: RHB Jake Schmiege 0-0: Fielders Choice at 2nd, 6-4 (Groundball, 6, EV 93.1 MPH)
Mario Maria to third
Batting: RHB Mike Senter 0-0: Ball
1-0: Ball
2-0: Fielders Choice at 2nd, 5-4 (Groundball, 56, EV 100.0 MPH)
Bottom of the 6th over - 0 runs, 2 hits, 0 errors, 2 left on base; Bradenton 2 - Richmond 0
TOP OF THE 7TH
Bradenton Marauders batting - Pitching for Richmond Flying Squirrels : RHP Ryan Hughes
Pitching: LHP Raul Mendez
Batting: RHB Raul Mendoza 0-0: Fly out, F9 (Flyball, 89D, EV 99.4 MPH)
Batting: LHB Tom Dempsey 0-0: Called Strike
0-1: Ground out 3-1 (Groundball, 34S, EV 78.8 MPH)
Batting: RHB Tony Contreras 0-0: Swinging Strike
0-1: Called Strike
0-2: Foul Ball, location: 2F
0-2: Ball
1-2: Foul Ball, location: 2F
1-2: Ball
2-2: Foul Ball, location: 2F
2-2: Strikes out looking
Top of the 7th over - 0 runs, 0 hits, 0 errors, 0 left on base; Bradenton 2 - Richmond 0
BOTTOM OF THE 7TH
Richmond Flying Squirrels batting - Pitching for Bradenton Marauders : RHP Tony Contreras
Batting: RHB Pablo Langenberg 0-0: Ball
1-0: Foul Ball, location: 2F
1-1: Ground out 4-3 (Groundball, 4, EV 89.4 MPH)
Batting: RHB Waki Matsui 0-0: Ball
1-0: Foul Ball, location: 2F
1-1: Ball
2-1: Ground out 5-3 (Groundball, 5, EV 86.9 MPH)
Batting: RHB Rob Potter 0-0: Ball
1-0: Called Strike
1-1: Ball
2-1: Foul Ball, location: 2F
2-2: Strikes out swinging
Bottom of the 7th over - 0 runs, 0 hits, 0 errors, 0 left on base; Bradenton 2 - Richmond 0
TOP OF THE 8TH
Bradenton Marauders batting - Pitching for Richmond Flying Squirrels : LHP Raul Mendez
Batting: LHB Alex Mandry 0-0: Called Strike
0-1: Ball
1-1: SINGLE (Groundball, 34D, EV 95.0 MPH)
Batting: SHB Francisco Salazar 0-0: Called Strike
0-1: SINGLE (Line Drive, 6M, EV 95.6 MPH)
Alex Mandry to second
Batting: SHB Mike Jorgenson 0-0: Ball
1-0: Called Strike
1-1: Foul Ball, location: 2F
1-2: Foul Ball, location: 2F
1-2: Foul Ball, location: 2F
1-2: Grounds into double play, 6-4-3 (Groundball, 6, EV 76.9 MPH)
Alex Mandry to third
Batting: RHB Pedro Criollo 0-0: Ground out 6-3 (Groundball, P, EV 83.8 MPH)
Top of the 8th over - 0 runs, 2 hits, 0 errors, 1 left on base; Bradenton 2 - Richmond 0
BOTTOM OF THE 8TH
Richmond Flying Squirrels batting - Pitching for Bradenton Marauders : RHP Tony Contreras
Batting: RHB Danny Rivera 0-0: Ball
1-0: Ball
2-0: DOUBLE (Groundball, 3L, EV 111.3 MPH)
Pinch Hitting: SHB Cesar Jimenez 0-0: Foul Ball, location: 2F
0-1: Foul Ball, location: 2F
0-2: Foul Ball, location: 2F
0-2: Ball
1-2: Ball
2-2: Foul Ball, location: 2F
2-2: Strikes out swinging
Pitching: LHP Nick Body
Batting: LHB Mario Maria 0-0: Ball
1-0: Ball
2-0: Ball
Wild Pitch!
Danny Rivera to third
3-0: Base on Balls
Pinch Hitting: RHB Daniel Rivas 0-0: Ball
1-0: Called Strike
1-1: Ball
2-1: Swinging Strike
2-2: Ground out 5-3 (Groundball, 56, EV 98.8 MPH)
Mario Maria to second
Pitching: RHP Josh Palmer
Batting: RHB Jake Schmiege 0-0: Foul Ball, location: 2F
0-1: Ball
1-1: SINGLE (Popup, 34D, EV 68.8 MPH)
Danny Rivera scores
Mario Maria to third
Runner from 3rd tries for Home, SAFE, throw by 2B to home
Batting: RHB Mike Senter 0-0: Ball
1-0: Called Strike
1-1: Swinging Strike
1-2: Ball
2-2: Foul Ball, location: 2F
2-2: Ball
3-2: Strikes out swinging
Bottom of the 8th over - 2 runs, 2 hits, 0 errors, 1 left on base; Bradenton 2 - Richmond 2
TOP OF THE 9TH
Bradenton Marauders batting - Pitching for Richmond Flying Squirrels : LHP Raul Mendez
Pitching: LHP Jace Brennan
Now at SS: Daniel Rivas
Batting: RHB Lupe Covarrubias 0-0: Ball
1-0: Called Strike
1-1: Ball
2-1: Ball
3-1: Ground out 2-3 (Groundball, 13S, EV 78.1 MPH)
Batting: RHB Yoshiaki Tsutsui 0-0: Foul Ball, location: 2F
0-1: Ball
1-1: Ball
2-1: Called Strike
2-2: Foul Ball, location: 2F
2-2: Foul Ball, location: 2F
2-2: Foul Ball, location: 2F
2-2: Ball
3-2: Base on Balls
Batting: RHB Raul Mendoza 0-0: Ball
1-0: Swinging Strike
1-1: Called Strike
1-2: Foul Ball, location: 2F
1-2: Ball
2-2: Grounds into double play, 5-4-3 (Groundball, 56, EV 83.8 MPH)
Top of the 9th over - 0 runs, 0 hits, 0 errors, 0 left on base; Bradenton 2 - Richmond 2
BOTTOM OF THE 9TH
Richmond Flying Squirrels batting - Pitching for Bradenton Marauders : RHP Josh Palmer
Batting: RHB Pablo Langenberg 0-0: Foul Ball, location: 2F
0-1: Ball
1-1: Ground out U3 (Groundball, 3L, EV 88.8 MPH)
Batting: RHB Waki Matsui 0-0: Called Strike
0-1: Ball
1-1: Ball
2-1: Ball
3-1: Called Strike
3-2: Foul Ball, location: 2F
3-2: Strikes out swinging
Pinch Hitting: LHB Chris Whitsitt 0-0: Called Strike
0-1: Ball
1-1: Ball
2-1: Swinging Strike
2-2: Strikes out swinging
Bottom of the 9th over - 0 runs, 0 hits, 0 errors, 0 left on base; Bradenton 2 - Richmond 2
TOP OF THE 10TH
Bradenton Marauders batting - Pitching for Richmond Flying Squirrels : LHP Jace Brennan
Pitching: RHP Joe Rasch
Now in RF: Jason Krueger
Pinch Hitting: RHB Slamet Pamungkas 0-0: Called Strike
0-1: Foul Ball, location: 2F
0-2: Strikes out swinging
Pinch Hitting: RHB Sergio Aceves 0-0: Called Strike
0-1: Ball
1-1: DOUBLE (Line Drive, 89M, EV 98.1 MPH)
Batting: LHB Alex Mandry 0-0: Intentional Walk
Pinch Runner at 2nd Jon Schulte:
Batting: SHB Francisco Salazar 0-0: Ball
Jon Schulte steals 3rd base
Alex Mandry to second
1-0: Fly out, F8 (Flyball, 8LD, EV 87.5 MPH)
Runner from 3rd tags up, SCORES, no throw by CF
Batting: SHB Mike Jorgenson 0-0: Ball
1-0: Foul Ball, location: 2F
1-1: Ball
2-1: Ball
3-1: Called Strike
3-2: Base on Balls
Batting: RHB Pedro Criollo 0-0: Called Strike
0-1: Swinging Strike
0-2: Foul Ball, location: 2F
0-2: Ball
1-2: Strikes out swinging
Top of the 10th over - 1 run, 1 hit, 0 errors, 2 left on base; Bradenton 3 - Richmond 2
BOTTOM OF THE 10TH
Richmond Flying Squirrels batting - Pitching for Bradenton Marauders : RHP Josh Palmer
Pitching: LHP Dan Penley
Now at SS: Slamet Pamungkas
Batting: RHB Danny Rivera 0-0: Called Strike
0-1: Swinging Strike
0-2: Ball
1-2: Strikes out looking
Pinch Hitting: RHB Colin Little 0-0: Ball
1-0: Called Strike
1-1: Called Strike
1-2: Ball
2-2: Ground out 5-3 (Groundball, 5, EV 86.9 MPH)
Batting: LHB Mario Maria 0-0: Ball
1-0: Ground out 4-3 (Groundball, 4, EV 80.0 MPH)
Bottom of the 10th over - 0 runs, 0 hits, 0 errors, 0 left on base; Bradenton 3 - Richmond 2
Wednesday, June 22nd , 2022 - OOTP Baseball 23.4 Build 64